 Dungeon Crawl Stone Soup version 0.24-a0-446-g87df7205b4 (webtiles) character file.

Game seed: 2875947272017812489

41 Azzok the Digger (level 3, -1/26 HPs)
             Began as a Draconian Earth Elementalist on June 23, 2019.
             Slain by a worm (9 damage)
             ... on level 1 of the Dungeon.
             The game lasted 00:02:08 (1946 turns).

Azzok the Digger (Draconian Earth Elementalist)     Turns: 1946, Time: 00:02:09

Health: -1/26      AC:  5    Str: 10    XL:     3   Next: 32%
Magic:  5/7        EV: 12    Int: 16    God:
Gold:   60         SH:  0    Dex: 11    Spells: 3/7 levels left

rFire    . . .     SeeInvis .   a - +0 hand axe
rCold    . . .     Gourm    .   (no shield)
rNeg     . . .     Faith    .   (armour unavailable)
rPois    .         Spirit   .   (helmet restricted)
rElec    .         Reflect  .   (no cloak)
rCorr    .         Harm     .   (no gloves)
MR       .....                  (no boots)
Stlth    ++........             (no amulet)
HPRegen  0.08/turn              (no ring)
MPRegen  0.10/turn              (no ring)

@: very slightly contaminated
A: unfitting armour, cold-blooded, AC +5
a: no special abilities


You were on level 1 of the Dungeon.
You were not hungry.

You visited 1 branch of the dungeon, and saw 2 of its levels.

You collected 60 gold pieces.

Inventory:

Hand Weapons
 a - a +0 hand axe (weapon)
Scrolls
 d - 2 scrolls of identify {unknown}
 e - 2 scrolls of fear {unknown}
 f - 2 scrolls of remove curse {unknown}
Comestibles
 c - 7 rations


   Skills:
 - Level 1.7 Dodging
 - Level 1.7 Stealth
 + Level 2.8 Spellcasting
 + Level 0.0 Conjurations
   Level 1.0 Transmutations
 + Level 3.8 Earth Magic


You had 3 spell levels left.
You knew the following spells:

 Your Spells              Type           Power        Failure   Level  Hunger
a - Sandblast             Erth           ##....       4%          1    #......
b - Stone Arrow           Conj/Erth      #.....       26%         3    ###....

Your spell library contained the following spells:

 Spells                   Type           Power        Failure   Level  Hunger
 Passwall                 Tmut/Erth      ##......     11%         2    ##.....
 Petrify                  Tmut/Erth      ##......     56%         4    #####..
 Lee's Rapid Deconstruct  Erth           ##........   73%         5    ######.


Dungeon Overview and Level Annotations

Branches:
Dungeon (2/15)

Altars:


Innate Abilities, Weirdness & Mutations

Your plain brown scales are hard. (AC +5)
You cannot fit into any form of body armour.
You are cold-blooded and may be slowed by cold attacks.


Message History

The worm bites you.
You barely miss the worm.
The worm is heavily wounded.
The worm bites you but does no damage.
You hit the worm.
The worm is heavily wounded.
The worm closely misses you.
You hit the worm.
The worm is severely wounded.
The worm barely misses you.
You hit the worm.
The worm is almost dead.
You barely miss the worm.
The worm is almost dead.
The worm bites you.
* * * LOW HITPOINT WARNING * * *
You barely miss the worm.
The worm is severely wounded.
The worm bites you!
You die...

▒▒·▒▒······▒ ▒····▒ ▒·▒
▒▒▒▒▒·▒▒··▒·▒·▒ ▒·▒▒▒▒ ▒·▒
▒·········▒·▒·▒ ▒·▒ ▒·▒
▒▒▒·▒▒▒···▒·▒·▒·▒ ▒·▒ ▒·▒
········>···▒·▒·▒ ▒·▒ ▒·▒
▒▒▒·▒·▒·▒·▒▒▒·▒·▒ ▒·▒▒▒▒▒▒·▒
····▒···▒w▒···▒·▒▒▒▒▒·▒······▒
)▒▒·▒·▒·▒·▒·▒▒▒·········▒▒▒▒▒▒
·÷··▒·▒)▒·▒····w@········▒
··▒···▒·▒·······▒········▒
▒·▒··▒▒·▒▒▒▒▒▒▒·▒·▒▒▒▒▒▒·▒
·····▒▒··················▒
·····▒▒▒▒▒▒▒▒▒▒·▒·▒·▒▒·▒▒▒
▒▒▒▒▒▒ ▒····▒·▒·▒▒·▒
▒·▒▒▒▒······▒ ▒·▒▒·····▒▒▒▒
▒·▒▒·▒▒▒▒▒


You could see a worm.

Vanquished Creatures
  2 worms (D:2)
  A leopard gecko (D:1)
  2 giant cockroaches
  5 goblins
  6 hobgoblins
  3 jackals (D:1)
  A kobold (D:1)
  3 bats
  3 frilled lizards
  6 rats
32 creatures vanquished.

Notes
Turn   | Place    | Note
-------+----------+-------------------------------------------
     0 | D:1      | Azzok the Draconian Earth Elementalist began the quest for
                  | the Orb.
     0 | D:1      | Reached XP level 1. HP: 14/14 MP: 3/3
   255 | D:1      | Reached XP level 2. HP: 17/20 MP: 5/5
  1228 | D:2      | Reached XP level 3. HP: 3/26 MP: 0/7
  1667 | D:1      | Learned a level 3 spell: Stone Arrow
  1946 | D:1      | Slain by a worm

Levels and vault maps discovered:
D:1:      scummos_arrival_checkerplants, layout_basic, supply_closet_lemuel,
          minmay_domino_4
D:2:      cheibrodos_helix_gallery, layout_loops_ring,
          chequers_serial_rivers_micro_c

Action                   || total
-------------------------++-------
Melee: Unarmed           ||    83
       Tailslap          ||     8
       Hand axe          ||    13
 Cast: Sandblast         ||    30
       Stone Arrow       ||     4
  Eat: Chunk             ||     4
Armor: Skin              ||    46
Dodge: Dodged            ||    83

Table legend:
 A = Non-vault XP
 B = Vault XP
 C = Vault XP percentage of total XP
 D = Non-vault monster count
 E = Vault monster count
 F = Vault count percentage of total count
                 A         B        C        D         E       F
            +---------+---------+-------+---------+---------+-------
      Total |      53 |       6 |  10.2 |      27 |       5 |  15.6
            +---------+---------+-------+---------+---------+-------
        D:1 |      35 |       3 |   7.9 |      20 |       3 |  13.0
        D:2 |      18 |       3 |  14.3 |       7 |       2 |  22.2
            +---------+---------+-------+---------+---------+-------
